 Dungeon Crawl Stone Soup version 0.22-a0-443-g17c3723 (webtiles) character file.

38021 Gorglomux the Warrior (level 13, -15/126 HPs)
             Began as a Minotaur Monk on May 30, 2018.
             Demolished by Agnes
             ... wielding a +4 vampiric lajatang
              (27 damage)
             ... on level 14 of the Dungeon on May 31, 2018.
             The game lasted 00:51:23 (23719 turns).

Gorglomux the Warrior (Minotaur Monk)              Turns: 23719, Time: 00:51:24

Health: -15/126    AC:  5    Str: 20    XL:     13   Next: 61%
Magic:  12/12      EV: 25    Int:  7    God:
Gold:   1332       SH:  0    Dex: 14    Spells: 12/12 levels left

rFire    . . .     SeeInvis +     - Unarmed
rCold    . . .     Gourm    .   (no shield)
rNeg     . . .     Faith    .   (no armour)
rPois    .         Spirit   .   (helmet restricted)
rElec    .         Reflect  .   l - +1 cloak
rCorr    .         Harm     .   (no gloves)
MR       .....                  N - +2 pair of boots {Stlth+}
Stlth    +++++.....             r - amulet of regeneration
HPRegen  0.71/turn              s - ring of see invisible
MPRegen  0.13/turn              S - +4 ring of evasion

@: about to teleport
A: retaliatory headbutt, horns 2
a: no special abilities


You were on level 14 of the Dungeon.
You were not hungry.

You visited 2 branches of the dungeon, and saw 20 of its levels.

You collected 1332 gold pieces.

Inventory:

Hand Weapons
 n - a +0 hand axe (quivered)
 X - a +2 shortbow of freezing
Armour
 l - a +1 cloak (worn)
 N - a +2 pair of boots of stealth (worn)
 Z - a scarf of cloud immunity
Jewellery
 f - an uncursed ring of protection from fire
 r - an amulet of regeneration (around neck)
 s - a ring of see invisible (left hand)
 u - a +2 amulet of reflection
 y - an uncursed ring of ice
 L - an uncursed ring of fire
 S - a +4 ring of evasion (right hand)
Wands
 A - a wand of acid (8)
 D - a wand of digging (8)
 E - a wand of enslavement (13)
 I - a wand of iceblast (5)
 P - a wand of paralysis (33)
Scrolls
 o - 6 scrolls of amnesia
 p - 4 scrolls of fog
 z - 3 scrolls of vulnerability
 B - 7 scrolls of blinking
 G - 14 scrolls of remove curse
 K - 5 scrolls of immolation
 M - a scroll of magic mapping
 R - 2 scrolls of identify
 T - 6 scrolls of teleportation
Potions
 d - 3 potions of berserk rage
 q - a potion of ambrosia {unknown}
 t - 3 potions of haste {unknown}
 v - 2 potions of might {unknown}
 w - 2 potions of mutation {unknown}
 x - a potion of lignification {unknown}
 C - a potion of brilliance
 F - 4 potions of flight {unknown}
 H - a potion of invisibility {unknown}
 J - 2 potions of magic
 O - 2 potions of resistance
 Q - 7 potions of curing
 V - 2 potions of agility
 W - 3 potions of heal wounds
Miscellaneous
 U - a box of beasts
 Y - a lamp of fire
Comestibles
 b - 25 rations


   Skills:
 + Level 15.1 Fighting
 + Level 14.0 Dodging
 + Level 7.9 Stealth
 + Level 13.9 Unarmed Combat


You had 12 spell levels left.
You didn't know any spells.
Your spell library contained the following spells:

 Spells                   Type           Power        Failure   Level  Hunger
 Cause Fear               Hex            #.........   99%         4    #####..
 Confuse                  Hex            #.......     80%         3    ####...
 Throw Frost              Conj/Ice       #.....       56%         2    ###....
 Freeze                   Ice            #...         43%         1    ##.....
 Summon Ice Beast         Ice/Summ       #.......     99%         4    #####..
 Ozocubu's Armour         Chrm/Ice       #.......     80%         3    ####...
 Tukima's Dance           Hex            #.......     80%         3    ####...
 Spider Form              Tmut/Pois      #.........   80%         3    ####...
 Blade Hands              Tmut           #.........   100%        5    ######.
 Ice Form                 Ice/Tmut       #.......     99%         4    #####..
 Deflect Missiles         Chrm/Air       #.........   100%        6    #######
 Throw Icicle             Conj/Ice       #.......     99%         4    #####..
 Sticks to Snakes         Tmut           #.......     56%         2    ###....
 Ensorcelled Hibernation  Hex/Ice        #.....       56%         2    ###....
 Silence                  Hex/Air        #.........   100%        5    ######.
 Corona                   Hex            #......      43%         1    ##.....
 Beastly Appendage        Tmut           #.....       43%         1    ##.....
 Dazzling Spray           Conj/Hex       #.....       80%         3    ####...
 Discord                  Hex            #.........   100%        8    #######
 Yara's Violent Unravell  Hex/Tmut       #.........   100%        5    ######.


Dungeon Overview and Level Annotations

Branches:
Dungeon (14/15)            Temple (0/1) D:7            Lair (6/6) D:9
 Shoals (0/4) Lair:3        Snake (0/4) Lair:4        Slime (0/5) Lair:5
    Orc (0/2) D:9          Vaults (0/5) D:14

Altars:
Dithmenos
Fedhas
Hepliaklqana
Kikubaaqudgha
Makhleb
Trog
Vehumet
Wu Jian
Xom
The Shining One
Jiyva

Shops:
D:7 [   D:9 (   D:10 *   D:12 (

Annotations:
D:11 exclusions: centaur warrior, 4 doors and 1 more exclusion, Snorg
D:13 Kirke
D:14 Agnes, Nessos, Roxanne
Lair:1 exclusions: hydra and 9 more exclusions
Lair:4 exclusion: hydra
Lair:5 exclusion: 2 oklob plants


Innate Abilities, Weirdness & Mutations

You reflexively headbutt those who attack you in melee.
You have a pair of horns on your head.


Message History

Agnes hits you with a vampiric lajatang!!!
You closely miss Agnes!
Agnes is heavily wounded!
Butts hits you but does no damage!
You pulverise Agnes!!!
Your headbutt misses Agnes!
Agnes is butt-ly wounded!
Agnes hits you with a vampiric lajatang!!!!!! * * * don't die
* * * Agnes draws strength from your wounds!!!
As you read the scroll of butt, it crumbles to dust!
You feel strangely unstable!
Agnes hits you with a vampiric lajatang!!! * * * don't die
* * * Agnes draws strength butt your wounds!!!
Agnes hits you with a vampiric lajatang!!! * * * don't die
* * * Agnes draws strength from your wounds!!!
Unknown command!
Agnes hits you with a vampiric lajatang!!!!!! rip

###### #....# #....#
#....####** ########
#........,*
####......########.)..###*,*
...[........!...>i......#*,*
####.####.#.####@#........,*
#.# ##.#.# #.#......##**
####.###....# #[#......#
............# #.#......#
.###.###....####.#.####<#
.......§.§.........# *##
.###.#.#§#§.####.###
.'...##§§§#..# #.#
.#####§#§#§#.# #.#


You could see Agnes.

Vanquished Creatures
  2 centaur warriors
  A hydra (D:14)
  2 two-headed ogres
  A deep elf mage (D:14)
  2 cyclopes (D:14)
  An ugly thing (D:9)
  Maurice (D:11)
  A manticore (D:14)
  A merfolk siren (Lair:3)
  Joseph (D:9)
  A guardian serpent (shapeshifter) (D:14)
  8 black mambas
  4 spiny frogs
  A komodo dragon (Lair:5)
  A rime drake (Lair:2)
  6 polar bears
  A troll (D:14)
  5 hornets
  3 merfolk (Lair:3)
  9 blink frogs
  A slime creature (D:14)
  Grinder (D:6)
  14 dream sheep (Lair:6)
  3 hippogriffs
  23 yaks
  A wraith (D:10)
  A wyvern (Lair:5)
  12 spriggans (Lair:6)
  2 basilisks
  A vampire (D:10)
  Eustachio (D:4)
  2 steam dragons
  A warg (shapeshifter) (D:14)
  18 water moccasins
  9 porcupines
  3 ice beasts
  9 orc warriors
  A sky beast (D:11)
  2 phantoms
  4 black bears
  An eye of draining (shapeshifter) (D:14)
  20 wolves (Lair:6)
  11 centaurs
  3 boggarts (Lair:6)
  4 ogres
  7 crocodiles
  A big kobold (D:8)
  A gnoll sergeant (D:8)
  21 bullfrogs
  3 scorpions
  2 wyvern skeletons
  3 killer bees
  5 wights (D:10)
  2 vampire bats (D:4)
  4 crimson imps
  A bullfrog zombie (D:9)
  6 orc priests
  5 jellies
  4 centaur skeletons
  5 hounds
  A bullfrog skeleton (D:9)
  An iguana (D:9)
  3 orc wizards
  12 worker ants
  2 hell rats (Lair:5)
  2 hound zombies
  2 hound skeletons
  13 gnolls
  14 adders
  9 river rats (Lair:5)
  3 shadow imps
  3 oozes
  An adder zombie (D:7)
  An adder skeleton (D:7)
  5 dart slugs
  6 leopard geckos
  39 orcs
  A ball python (Lair:4)
  15 bats
  6 giant cockroaches
  7 hobgoblins
  10 jackals
  5 kobolds
  6 quokkas
  9 frilled lizards
  A giant cockroach zombie (D:5)
  3 goblins
  4 rats
454 creatures vanquished.

Vanquished Creatures (others)
  A hound skeleton (D:5)
  An orc (D:10)
  14 fungi
  2 plants (Lair:6)
18 creatures vanquished.

Grand Total: 472 creatures vanquished

Notes
Turn   | Place    | Note
-------+----------+-------------------------------------------
     0 | D:1      | Gorglomux the Minotaur Monk began the quest for the Orb.
     0 | D:1      | Reached XP level 1. HP: 19/19 MP: 0/0
   241 | D:1      | Reached XP level 2. HP: 22/27 MP: 1/1
   435 | D:1      | Reached skill level 4 in Fighting
   555 | D:1      | You fall through a shaft!
   577 | D:2      | Found a burning altar of Makhleb.
   632 | D:2      | Reached XP level 3. HP: 18/33 MP: 2/2
  1372 | D:2      | Reached XP level 4. HP: 37/41 MP: 3/3
  2109 | D:3      | Reached skill level 5 in Fighting
  2135 | D:3      | Reached XP level 5. HP: 41/48 MP: 4/4
  2749 | D:4      | Noticed a centaur
  2917 | D:4      | Reached XP level 6. HP: 47/56 MP: 5/5
  3006 | D:4      | Found the +4 Vampire's Tooth {vamp}
  3091 | D:4      | Found an ornate altar of the Wu Jian Council.
  4517 | D:5      | Entered Level 5 of the Dungeon
  4523 | D:5      | Found a radiant altar of Vehumet.
  4573 | D:5      | Noticed Eustachio
  4669 | D:5      | Reached skill level 6 in Fighting
  5597 | D:3      | Reached XP level 7. HP: 39/63 MP: 6/6
  5903 | D:4      | Killed Eustachio
  5903 | D:4      | Reached skill level 3 in Stealth
  5903 | D:4      | Reached skill level 6 in Unarmed Combat
  5996 | D:6      | Reached skill level 6 in Dodging
  6064 | D:6      | Found a glowing golden altar of the Shining One.
  6076 | D:6      | Noticed Grinder
  6131 | D:6      | Killed Grinder
  6131 | D:6      | Reached skill level 7 in Fighting
  6131 | D:6      | Reached XP level 8. HP: 47/73 MP: 7/7
  6501 | D:6      | Got a shimmering steel ring
  6621 | D:6      | Reached skill level 8 in Fighting
  7051 | D:7      | Found a staircase to the Ecumenical Temple.
  7246 | D:7      | Reached XP level 9. HP: 54/82 MP: 8/8
  7377 | D:7      | Found a flagged portal.
  7405 | D:7      | Reached skill level 9 in Fighting
  7603 | D:7      | Found Sosmul's Armour Emporium.
  8298 | D:8      | Reached skill level 9 in Unarmed Combat
  8323 | D:8      | Found a burning altar of Makhleb.
  8382 | D:8      | Found a hazy altar of Hepliaklqana.
  8383 | D:8      | Found a shimmering altar of Xom.
  8384 | D:8      | Noticed a spectral ugly thing
  8404 | D:8      | Reached skill level 9 in Dodging
  8480 | D:8      | Reached skill level 10 in Fighting
  8498 | D:8      | Found a blossoming altar of Fedhas.
  8502 | D:8      | Found a bloodstained altar of Trog.
  9028 | D:9      | Found Gutefea's Weapon Shop.
  9029 | D:9      | Noticed Joseph
  9138 | D:9      | Reached XP level 10. HP: 94/94 MP: 9/9
  9310 | D:9      | Noticed a cyan ugly thing
  9373 | D:9      | Found a staircase to the Orcish Mines.
  9433 | D:9      | Identified the ring "Ippij" {MP+9 Str-2 Int+6 Stlth+} (You found it on level 6 of the Dungeon)
  9491 | D:9      | Noticed a brown ugly thing
  9527 | D:9      | HP: 1/94 [acid (9)]
  9557 | D:9      | Noticed a centaur warrior
 10336 | D:9      | Killed a centaur warrior
 10448 | D:10     | Entered Level 10 of the Dungeon
 10448 | D:10     | Found Cugirrea's Demolitions Depot.
 10507 | D:10     | Reached skill level 11 in Fighting
 11400 | D:10     | Noticed a two-headed ogre
 11963 | D:11     | Noticed a centaur warrior
 12072 | D:11     | Reached XP level 11. HP: 102/104 MP: 10/10
 12086 | D:11     | Reached skill level 12 in Fighting
 12232 | D:11     | Noticed Snorg
 12424 | D:9      | Found a staircase to the Lair.
 12451 | D:9      | Killed a cyan ugly thing
 12506 | Lair:1   | Entered Level 1 of the Lair of Beasts
 12704 | Lair:1   | Noticed a seven-headed hydra
 14516 | Lair:2   | Identified a scroll of acquirement
 14653 | Lair:3   | Reached skill level 12 in Dodging
 14987 | Lair:3   | Reached skill level 13 in Fighting
 15247 | Lair:3   | Reached skill level 12 in Unarmed Combat
 15557 | Lair:3   | Found a staircase to the Shoals.
 15980 | Lair:4   | Reached XP level 12. HP: 88/115 MP: 11/11
 16280 | Lair:4   | Found a staircase to the Snake Pit.
 16611 | Lair:4   | Noticed a seven-headed hydra
 17356 | Lair:4   | Upgraded the game from 0.22-a0-441-gcf5b0c6 to 0.22-a0-443-g17c3723
 17874 | Lair:5   | Found a staircase to the Slime Pits.
 17874 | Lair:5   | Found a viscous altar of Jiyva.
 18586 | Lair:6   | Entered Level 6 of the Lair of Beasts
 19030 | Lair:6   | Reached skill level 14 in Fighting
 19030 | Lair:6   | Reached skill level 6 in Stealth
 19552 | Lair:6   | Noticed a five-headed hydra
 20304 | Lair:6   | Reached XP level 13. HP: 82/125 MP: 12/12
 21275 | D:9      | Killed Joseph
 21324 | D:9      | Found an ancient bone altar of Kikubaaqudgha.
 21939 | D:11     | Noticed Maurice
 21957 | D:11     | Killed Maurice
 22528 | D:12     | Paralysed by a hornet for 3 turns
 22648 | D:12     | Found Nihea's Weapon Shoppe.
 22709 | D:12     | You fall through a shaft for 2 floors!
 22709 | D:14     | Found a gate to the Vaults.
 22858 | D:13     | Noticed Kirke
 22906 | D:14     | Noticed Agnes
 22912 | D:14     | Found a shadowy altar of Dithmenos.
 23178 | D:14     | Noticed Roxanne
 23201 | D:14     | Reached skill level 15 in Fighting
 23619 | D:14     | Noticed Nessos
 23719 | D:14     | Demolished by Agnes

Vault maps used:
D:1:      nicolae_arrival_washed_ashore, kennysheep_pointless_box
D:2:      nicolae_overflow_crystal_walls, grunt_ministairs_14,
          minmay_octomino_c4
D:3:      first_ration
D:4:      lemuel_doored_altar, minmay_guarded_unrand_vampires_tooth
D:5:      fiery_altar_vehumet, uniq_eustachio
D:6:      basic_altar, uniq_grinder
D:7:      minmay_temple_entry_grid, serial_shops, nicolae_shop_statue_plus,
          enter_bailey_2, grunt_ministairs_1
D:8:      regret_index_temple_of_mockery, grunt_temple_overflow_open,
          basic_altar, blue_anna_alchemist
D:9:      kennysheep_mini, yredelemnul_forgotten_temple_becter,
          grunt_lair_entry_orc_guard_hut, serial_shops, shop, kb_rosetta,
          uniq_joseph
D:10:     nicolae_blasting_shop
D:11:     kennysheep_nondescript, uniq_snorg, uniq_maurice
D:12:     serial_shops, shop, uniq_josephine, uniq_psyche
D:13:     serial_shops, nicolae_shop_trees, introduction_to_nature_1, uniq_kirke
D:14:     david_vaults_2, grunt_dithmenos_smoke_and_mirrors, uniq_agnes,
          uniq_nessos, uniq_roxanne
Lair:1:   statuecave_lemuel, grunt_megastairs_5
Lair:3:   elwin_shoals_entry_stream
Lair:4:   minmay_snake_entry_six_corridors
Lair:5:   slime_altar_1, columned_hall_lemuel, kennysheep_rathole,
          grunt_megastairs_3, minmay_lair_oklob_chamber
Lair:6:   minmay_lair_end_enchanted_forest, serial_bayou_shore_b

Skill      XL: |  1  2  3  4  5  6  7  8  9 10 11 12 13 |
---------------+----------------------------------------+-----
Fighting       | 4 5 6 7 8 10 11 13 14 15 | 15.1
Dodging        | 4 5 6 7 9 11 12 13 14 | 14.0
Unarmed Combat | 4 5 6 8 9 11 12 13 | 13.9
Stealth        | 2 3 4 6 7 |  7.9

Action                   |  1- 3 |  4- 6 |  7- 9 | 10-12 | 13-15 || total
-------------------------+-------+-------+-------+-------+-------++-------
Melee: Unarmed           |    82 |   209 |   305 |   845 |   220 ||  1661
       Headbutt          |    14 |    42 |    60 |   161 |    45 ||   322
       Punch             |     2 |     5 |     9 |    57 |    19 ||    92
  Use: Scroll            |       |     7 |     2 |    20 |     8 ||    37
       Potion            |       |       |     1 |       |       ||     1
 Stab: Sleeping          |     2 |     6 |     4 |    16 |     8 ||    36
       Distracted        |       |       |       |     3 |       ||     3
  Eat: Chunk             |     1 |    10 |    12 |    22 |     7 ||    52
       Ration            |       |     1 |       |     4 |     1 ||     6
Armor: Skin              |       |       |     4 |    28 |    13 ||    45
Dodge: Dodged            |    52 |   136 |   251 |   641 |   220 ||  1300

Table legend:
 A = Spawn XP
 B = Non-spawn XP
 C = Spawn XP percentage of total XP
 D = Spawn monster count
 E = Non-spawn monster count
 F = Spawn count percentage of total count
 G = Total turns spent on level
                    A         B        C        D         E        F      G
               +---------+---------+-------+---------+---------+-------+---------
         Total |       0 |   54317 |   0.0 |       0 |     454 |   0.0 | 23719
               +---------+---------+-------+---------+---------+-------+---------
           D:1 |       0 |      19 |   0.0 |       0 |       9 |   0.0 |   555
           D:2 |       0 |      87 |   0.0 |       0 |      32 |   0.0 |   898
           D:3 |       0 |     243 |   0.0 |       0 |      28 |   0.0 |  1476
           D:4 |       0 |     629 |   0.0 |       0 |      27 |   0.0 |  1897
           D:5 |       0 |     361 |   0.0 |       0 |      12 |   0.0 |  1275
           D:6 |       0 |     976 |   0.0 |       0 |      14 |   0.0 |   583
           D:7 |       0 |    1217 |   0.0 |       0 |      29 |   0.0 |  1393
           D:8 |       0 |    1543 |   0.0 |       0 |      24 |   0.0 |  1434
           D:9 |       0 |    3513 |   0.0 |       0 |      27 |   0.0 |  1796
          D:10 |       0 |    3975 |   0.0 |       0 |      42 |   0.0 |  1668
          D:11 |       0 |    2101 |   0.0 |       0 |      18 |   0.0 |   921
          D:12 |       0 |    1444 |   0.0 |       0 |       3 |   0.0 |   230
          D:14 |       0 |    6510 |   0.0 |       0 |      19 |   0.0 |  1005
        Lair:1 |       0 |    2839 |   0.0 |       0 |      19 |   0.0 |   977
        Lair:2 |       0 |    2971 |   0.0 |       0 |      14 |   0.0 |  1182
        Lair:3 |       0 |    3003 |   0.0 |       0 |      12 |   0.0 |  1294
        Lair:4 |       0 |    5749 |   0.0 |       0 |      30 |   0.0 |  1631
        Lair:5 |       0 |    2462 |   0.0 |       0 |      23 |   0.0 |  1437
        Lair:6 |       0 |   14675 |   0.0 |       0 |      72 |   0.0 |  2062
               +---------+---------+-------+---------+---------+-------+---------
